 Dungeon Crawl Stone Soup version 0.28.0-1-gb440e238dd (webtiles) character file.

Game seed: 6723062486465471653

21923 Morbidden the Demonic Aeon (level 12, -12/89 HPs)
             Began as a Demonspawn Brigand on Feb 21, 2022.
             Was the Champion of Cheibriados.
             Mangled by a shadow (24 damage)
             ... on level 12 of the Dungeon.
             The game lasted 00:29:37 (17163 turns).

Morbidden the Demonic Aeon (Demonspawn Brigand)    Turns: 17163, Time: 00:29:37

Health: -12/89     AC:  2    Str: 28    XL:     12   Next: 58%
Magic:  9/21       EV: 30    Int: 32    God:    Cheibriados [******]
Gold:   674        SH:  0    Dex: 40    Spells: 7/24 levels left

rFire   . . .      SeeInvis .     - Unarmed
rCold   . . .      Faith    .   (shield currently unavailable)
rNeg    . . .      Spirit   .   (armour currently unavailable)
rPois   x          Reflect  .   (helmet currently unavailable)
rElec   .          Harm     .   (cloak currently unavailable)
rCorr   .          Rampage  .   (gloves currently unavailable)
Will    .....                   (boots currently unavailable)
Stlth   +++++.....              H - amulet of regeneration
HPRegen 1.04/turn               b - +6 ring of dexterity
MPRegen 0.17/turn               (no ring)

@: spider-form, flying, very slow
A: venomous fangs, tiny, (horns 1), demonic guardian 2, ignite blood 1,
(weakness stinger 1), (demonic touch 3)
a: End Transformation, Renounce Religion, Bend Time, Temporal Distortion,
Slouch, Step From Time


You were on level 12 of the Dungeon.
You worshipped Cheibriados.
Cheibriados was exalted by your worship.
You were a venomous arachnid creature.
You visited 3 branches of the dungeon, and saw 15 of its levels.
You also visited: Ossuary.

You collected 734 gold pieces.
You spent 60 gold pieces at shops.

Inventory:

Hand Weapons
 a - a +3 dagger
Missiles
 d - 24 poisoned darts
 e - 2 curare-tipped darts
 n - a throwing net
 J - 9 boomerangs of dispersal
 L - 8 boomerangs
 Q - 5 atropa-tipped darts
Armour
 k - a +2 robe of positive energy
 x - a +1 cloak (melded)
 y - a scarf of repulsion
 z - a +2 hat (melded)
 N - a +0 chain mail (melded)
Jewellery
 b - a +6 ring of dexterity (left front leg)
 H - an amulet of regeneration (around neck)
Wands
 m - a wand of paralysis (9) (quivered)
 q - a wand of acid (6)
 M - a wand of polymorph (2)
Scrolls
 f - 7 scrolls of teleportation
 g - a scroll of silence {unknown}
 h - 3 scrolls of noise
 i - a scroll of immolation
 j - 13 scrolls of identify
 l - 3 scrolls of vulnerability
 o - a scroll of torment
 p - 2 scrolls of amnesia
 r - 2 scrolls of enchant armour
 v - 2 scrolls of fear
 w - a scroll of blinking
 A - a scroll of fog
Potions
 c - a potion of flight
 u - 4 potions of might
 C - 3 potions of haste
 E - a potion of resistance {unknown}
 F - a potion of magic
 G - 2 potions of curing {unknown}
 I - a potion of lignification {unknown}
 K - a potion of berserk rage {unknown}
 P - a potion of cancellation


   Skills:
 * Level 6.5 Fighting
 + Level 4.6 Short Blades
 + Level 2.5 Throwing
 + Level 2.3 Armour
 * Level 5.7 Dodging
 + Level 7.5 Stealth
 * Level 8.1 Unarmed Combat
 * Level 6.6 Spellcasting
 * Level 2.3 Hexes
 + Level 4.8 Transmutations
 * Level 4.8 Air Magic
 * Level 7.4 Poison Magic
 * Level 8.6 Invocations
 + Level 0.3 Evocations


You had 7 spell levels left.
You knew the following spells:

 Your Spells              Type           Power      Damage    Failure   Level
a - Sting                 Tmut/Pois      100%       1d8       3%          1
b - Poisonous Vapours     Pois/Air       98%        N/A       3%          2
c - Spider Form           Tmut/Pois      50%        N/A       5%          3
d - Confusing Touch       Hex            25%        N/A       14%         3
e - Airstrike             Air            20%        N/A       17%         4
z - Olgreb's Toxic Radia  Pois           55%        N/A       8%          4

Your spell library contained the following spells:

 Spells                   Type           Power      Damage    Failure   Level
 Beastly Appendage        Tmut           82%        N/A       3%          1
 Wereblood                Tmut           41%        N/A       4%          2
 Shock                    Conj/Air       100%       1d9       7%          1
 Slow                     Hex            100%       N/A       7%          1
 Swiftness                Air            41%        N/A       8%          3
 Static Discharge         Conj/Air       25%        N/A       10%         2
 Foxfire                  Conj/Fire      40%        2x1d6     13%         1
 Pain                     Necr           40%        1d6       13%         1
 Inner Flame              Hex/Fire       17%        N/A       22%         3
 Conjure Flame            Conj/Fire      10%        6-21      30%         3
 Gell's Gravitas          Tloc           10%        N/A       30%         3
 Teleport Other           Tloc           10%        N/A       30%         3
 Vampiric Draining        Necr           10%        2d6       30%         3
 Flame Wave               Conj/Fire      10%        2d5       63%         4
 Lightning Bolt           Conj/Air       12%        1d26      63%         5
 Summon Mana Viper        Hex/Summ       17%        N/A       78%         5
 Agony                    Necr           10%        N/A       90%         5
 Excruciating Wounds      Necr           5%         N/A       90%         5
 Summon Forest            Summ/Tloc      5%         N/A       90%         5
 Dispersal                Tloc           5%         N/A       100%        6
 Summon Cactus Giant      Summ           5%         N/A       100%        6
 Maxwell's Capacitive Co  Air            20%        ∞         100%        8


Dungeon Overview and Level Annotations

Branches:
Dungeon (12/15)            Temple (1/1) D:4            Lair (2/6) D:10
    Orc (0/2) D:11        Ossuary (visited)
  Swamp: Lair:2-4    Shoals: Lair:2-4     Snake: Lair:2-4    Spider: Lair:2-4

Altars:
Ashenzari
Cheibriados
Elyvilon
Fedhas
Gozag
Kikubaaqudgha
Makhleb
Nemelex Xobeh
Okawaru
Qazlal
Ru
Sif Muna
Trog
Uskayaw
Vehumet
Wu Jian
Xom
Yredelemnul
Zin
The Shining One
Beogh

Shops:
D:1 (*(   D:3 !   D:8 *

Annotations:
D:3 1 runed translucent door, Crazy Yiuf
D:5 2 transporters, exclusion: vampire, GordonOverkill's ghost, novice DETm
D:9 exclusion: hydra
Lair:1 1 runed translucent door


Innate Abilities, Weirdness & Mutations

You are a venomous arachnid creature.
You have poisonous fangs.
You are tiny and dextrous.
Your spellcasting is less reliable in this form.
Your armour is entirely melded.
You are incapable of wielding weapons or throwing items.
((You have a pair of small horns on your head.))
A demonic guardian rushes to your aid.
Your demonic aura sometimes causes spilled blood to erupt in flames.
((You have a small tail.))
((Your touch may irresistibly damage your foes and sap their willpower.))


Message History

A demonic guardian appears!
Reactivating autopickup.
Your vampire mosquito bites the cyclops!
Your vampire mosquito draws strength from the cyclops's injuries!
Your vampire mosquito bites the cyclops.
Your vampire mosquito draws strength from the cyclops's injuries!
Your vampire mosquito bites the cyclops.
Your vampire mosquito draws strength from the cyclops's injuries!
Your red ugly thing misses the orc warrior.
The shadow hits you!
* * * LOW HITPOINT WARNING * * *
Your vampire mosquito bites the cyclops.
The cyclops dies!
Cheibriados appreciates the change of pace.
Your red ugly thing gores the orc warrior.
The orc warrior is engulfed in flames!
Okay, then.
Unknown command.
Okay, then.
Unknown command.
It was a potion of flight.
You feel very buoyant.
You fly up into the air.
Something tentacle-slaps your red ugly thing!
Your red ugly thing dies!
Your red ugly thing's corpse dissolves into shadows!
The orc warrior is engulfed in blazing flames.
The orc warrior barely misses your vampire mosquito.
The shadow slips into darkness.
The shadow flickers and vanishes!
Deactivating autopickup; reactivate with Ctrl-A.
Unknown command.
Unknown command.
Unknown command.
Okay, then.
Unknown command.
Your vampire mosquito is no longer moving slowly.
Something hits your vampire mosquito!
The shadow strikes at you from the darkness!
You die...

#........##...☼...y†.o.....
########.##...☼...oC.....†.
###........#....Eo......#####
...................####..#
#.#........................
†..............yy##### ##...
#.#............#4# ###
...............#.#
#.#.......$....#s#
...............#.#
#.#............#.#
..............##..
..###########$.... ###. . ..


You could see a fire elemental (summoned), an orc warrior, a friendly ice devil
(summoned) and 2 friendly vampire mosquitoes.

Vanquished Creatures
  3 boulder beetles
  A death yak (Lair:2)
  2 two-headed ogres
  Nergalle (D:10)
  A deep elf pyromancer (D:12)
  2 ugly things
  A gargoyle (D:11)
  A cane toad (Lair:1)
  An efreet (D:12)
  2 kobold demonologists
  5 komodo dragons
  A polar bear (Lair:1)
  Grinder (D:4)
  5 blink frogs (Lair:1)
  Sigmund (D:4)
  A wraith (D:11)
  A basilisk (Lair:2)
  4 shadows
  17 yaks
  4 wyverns
  2 steam dragons
  A vampire mosquito (D:12)
  An acid dragon (D:11)
  3 water moccasins
  A black bear (Lair:2)
  2 sky beasts (D:5)
  10 orc warriors
  4 necrophages
  An ogre (D:4)
  10 wolves (Lair:1)
  3 centaurs
  A phantom (D:7)
  2 kobold brigands
  2 bullfrogs
  A gnoll sergeant (D:12)
  A scorpion (D:6)
  3 water moccasin zombies (Ossuary)
  A wyvern skeleton (D:7)
  A water moccasin skeleton (D:6)
  13 killer bees
  A wight (D:9)
  5 howler monkeys
  3 electric eels
  2 bullfrog zombies
  3 centaur zombies
  A jelly (D:4)
  4 orc priests
  6 hounds
  A centaur skeleton (D:7)
  Jessica (D:1)
  An iguana (D:7)
  Natasha (thrice) (D:3)
  7 orc wizards
  A killer bee zombie (D:5)
  A hound skeleton (D:4)
  2 mummies (Ossuary)
  7 adders
  5 gnolls (D:12)
  A shadow imp (D:6)
  A white imp (D:7)
  4 ufetubi
  3 adder zombies (Ossuary)
  A worm (D:5)
  46 orcs
  7 ball pythons
  3 bats
  3 endoplasms (D:2)
  A giant cockroach (D:4)
  4 goblins
  7 hobgoblins
  7 jackals (D:4)
  A frilled lizard (D:1)
  A goblin zombie (D:8)
  4 hobgoblin zombies (Ossuary)
  12 kobolds
  6 kobold zombies (Ossuary)
  6 orc zombies (Ossuary)
  6 rats
  A spectral kobold (D:1)
297 creatures vanquished.

Vanquished Creatures (collateral kills)
  A hydra (D:12)
  A two-headed ogre (D:12)
  A cyclops (D:12)
  A troll (D:12)
  A wolf (Lair:1)
  4 wights (D:9)
  An orc priest (D:10)
  An orc wizard (D:5)
  5 orcs (D:5)
  An endoplasm (D:3)
  2 kobolds (D:9)
19 creatures vanquished.

Vanquished Creatures (others)
  A human (D:8)
  10 fungi
  18 plants
29 creatures vanquished.

Grand Total: 345 creatures vanquished

Notes
Turn   | Place    | Note
-------+----------+-------------------------------------------
     0 | D:1      | Morbidden the Demonspawn Brigand began the quest for the
                  | Orb.
     0 | D:1      | Reached XP level 1. HP: 16/16 MP: 1/1
    45 | D:1      | Found Acebraeb's Assorted Antiques.
   465 | D:1      | Found Meicle's Weapon Emporium.
   816 | D:1      | Discovered your monstrous ancestry.
   816 | D:1      | Gained mutation: You have a pair of small horns on your
                  | head. [demonic ancestry]
   816 | D:1      | Reached XP level 2. HP: 21/22 MP: 2/2
   844 | D:1      | Learned a level 1 spell: Sting
   860 | D:1      | Reached skill level 1 in Dodging
   954 | D:1      | Found a faded altar of an unknown god.
  1251 | D:1      | Found Rul Duuw's Antique Weapon Boutique.
  1509 | D:2      | Noticed Jessica
  1520 | D:1      | Killed Jessica
  1521 | D:1      | Gained mutation: A weak demonic guardian rushes to your
                  | aid. [demonic ancestry]
  1521 | D:1      | Reached XP level 3. HP: 14/27 MP: 3/3
  2063 | D:2      | Reached XP level 4. HP: 32/34 MP: 4/4
  2165 | D:2      | Reached skill level 1 in Poison Magic
  2676 | D:2      | Reached skill level 1 in Unarmed Combat
  2954 | D:3      | Found an iron altar of Okawaru.
  2954 | D:3      | Noticed Natasha
  2965 | D:3      | Killed Natasha
  2966 | D:3      | Gained mutation: Your touch may inflict minor irresistible
                  | damage on your foes. [demonic ancestry]
  2966 | D:3      | Reached XP level 5. HP: 36/40 MP: 6/6
  3198 | D:3      | Found Makhlareb's Distillery.
  3223 | D:3      | Reached skill level 1 in Transmutations
  3395 | D:3      | Noticed Natasha
  3408 | D:3      | Killed Natasha
  3414 | D:3      | Found a runed translucent door.
  3472 | D:3      | Noticed Crazy Yiuf
  3574 | D:3      | Reached skill level 1 in Spellcasting
  3675 | D:3      | Noticed Natasha
  3688 | D:3      | Killed Natasha
  4004 | D:3      | Found Makhlareb's Distillery.
  4174 | D:3      | Found a runed translucent door.
  4464 | D:3      | Found an iron altar of Okawaru.
  4896 | D:3      | Found Makhlareb's Distillery.
  5005 | D:3      | Found an iron altar of Okawaru.
  5513 | D:4      | Found a staircase to the Ecumenical Temple.
  5525 | Temple   | Entered the Ecumenical Temple
  5746 | Temple   | Became a worshipper of Cheibriados the Contemplative
  5791 | D:4      | Noticed Sigmund
  5801 | D:4      | Killed Sigmund
  5802 | D:4      | Reached skill level 1 in Invocations
  5802 | D:4      | Gained mutation: You have a small tail. [demonic ancestry]
  5802 | D:4      | Reached XP level 6. HP: 47/47 MP: 6/8
  5862 | D:4      | Reached skill level 5 in Stealth
  5953 | D:4      | Reached XP level 7. HP: 47/52 MP: 9/9
  6221 | D:4      | Noticed Grinder
  6224 | D:4      | Paralysed by Grinder for 3 turns
  6233 | D:4      | Killed Grinder
  6376 | D:4      | Found a shimmering blue altar of Sif Muna.
  6530 | D:4      | Found a burning altar of Makhleb.
  6726 | D:4      | Reached * piety under Cheibriados
  6950 | D:5      | Entered Level 5 of the Dungeon
  6951 | D:5      | Noticed a wyvern
  6960 | D:5      | Killed a wyvern
  6961 | D:5      | Gained mutation: A demonic guardian rushes to your aid.
                  | [demonic ancestry]
  6961 | D:5      | Reached XP level 8. HP: 56/58 MP: 11/11
  7041 | D:5      | Identified the +0 leather armour "Pekely Qioh" {rPois rC-
                  | Regen+}
  7568 | D:5      | Found the +1 Delatra's gloves {ID++}
  7628 | D:5      | Learned a level 2 spell: Poisonous Vapours
  7861 | D:5      | Found a transporter.
  7884 | D:5      | Identified the -4 kite shield of Modesty {*Corrode rN++
                  | Int+5}
  7904 | D:5      | Found a transporter.
  8169 | D:5      | Noticed GordonOverkill's ghost (novice DETm)
  8965 | D:6      | Reached ** piety under Cheibriados
  8966 | D:6      | Reached XP level 9. HP: 56/65 MP: 1/14
  8994 | D:6      | Reached skill level 1 in Air Magic
  9199 | D:6      | Learned a level 3 spell: Spider Form
  9204 | D:6      | Learned a level 4 spell: Olgreb's Toxic Radiance
  9908 | D:7      | Found an ornate altar of the Wu Jian Council.
 10061 | D:7      | Found a radiant altar of Vehumet.
 10586 | D:8      | Reached skill level 5 in Invocations
 10693 | D:8      | Found an ancient bone altar of Kikubaaqudgha.
 10695 | D:8      | Found a sand-covered staircase.
 10705 | Ossuary  | Entered an ossuary
 10753 | Ossuary  | Reached *** piety under Cheibriados
 10837 | Ossuary  | Learned a level 4 spell: Airstrike
 11155 | D:8      | Found Sotixzue's CLEARANCE SALE!.
 11162 | D:8      | Bought an amulet of regeneration for 60 gold pieces
 11383 | D:8      | Gained mutation: Your touch may inflict irresistible damage
                  | on your foes. [demonic ancestry]
 11383 | D:8      | Reached XP level 10. HP: 65/73 MP: 7/16
 11579 | D:8      | Reached **** piety under Cheibriados
 11638 | D:9      | HP: 2/64 [wight (6)]
 11923 | D:9      | Noticed a seven-headed hydra
 12301 | D:9      | Noticed a purple ugly thing
 12301 | D:9      | Noticed a centaur warrior
 12304 | D:9      | Noticed a centaur warrior
 12322 | D:9      | Killed a purple ugly thing
 12329 | D:9      | Reached skill level 5 in Fighting
 12329 | D:9      | Reached skill level 5 in Poison Magic
 12460 | D:10     | Entered Level 10 of the Dungeon
 12485 | D:10     | Found a sparkling altar of Nemelex Xobeh.
 12706 | D:10     | Reached ***** piety under Cheibriados
 13004 | D:10     | Found a bloodstained altar of Trog.
 13121 | D:10     | Found a shimmering altar of Xom.
 13179 | D:10     | Found a staircase to the Lair.
 13197 | Lair:1   | Entered Level 1 of the Lair of Beasts
 13205 | Lair:1   | Reached skill level 5 in Spellcasting
 13213 | Lair:1   | Reached skill level 5 in Unarmed Combat
 13523 | Lair:1   | Found a sacrificial altar of Ru.
 13552 | Lair:1   | Noticed a cane toad
 13572 | Lair:1   | Killed a cane toad
 13573 | Lair:1   | Gained mutation: Your touch may irresistibly damage your
                  | foes and sap their willpower. [demonic ancestry]
 13573 | Lair:1   | Reached XP level 11. HP: 26/80 MP: 12/19
 14450 | Lair:1   | Found a runed translucent door.
 14582 | Lair:2   | Noticed a death yak
 14582 | Lair:2   | Noticed a death yak
 14582 | Lair:2   | Noticed a death yak
 14582 | Lair:2   | Noticed a death yak
 14583 | Lair:2   | Noticed a death yak
 14589 | Lair:2   | HP: 3/81 [death yak (17)]
 14853 | Lair:2   | Reached ****** piety under Cheibriados
 15367 | Lair:2   | Noticed a death yak
 15380 | Lair:2   | Killed a death yak
 15808 | D:11     | Reached skill level 5 in Dodging
 15910 | D:11     | Noticed a two-headed ogre
 15920 | D:11     | Killed a two-headed ogre
 15936 | D:11     | Noticed Nergalle
 15946 | D:10     | Killed Nergalle
 15956 | D:10     | Learned a level 3 spell: Confusing Touch
 16166 | D:11     | Found a staircase to the Orcish Mines.
 16174 | D:11     | Gained mutation: Your demonic aura sometimes causes spilled
                  | blood to erupt in flames. [demonic ancestry]
 16174 | D:11     | Reached XP level 12. HP: 74/88 MP: 13/21
 16287 | D:11     | Found a transporter.
 16287 | D:11     | Noticed a boulder beetle
 16288 | D:11     | Found a transporter.
 16288 | D:11     | Noticed a boulder beetle
 16805 | D:11     | Killed a boulder beetle
 16806 | D:11     | Reached skill level 1 in Armour
 16808 | D:11     | Killed a boulder beetle
 16809 | D:11     | Reached skill level 1 in Hexes
 17139 | D:12     | Noticed a boulder beetle
 17141 | D:12     | Noticed a two-headed ogre
 17146 | D:12     | Noticed a two-headed ogre
 17147 | D:12     | Killed a boulder beetle
 17148 | D:12     | Killed a two-headed ogre
 17152 | D:12     | Noticed a four-headed hydra
 17159 | D:12     | Killed a two-headed ogre
 17160 | D:12     | Killed a four-headed hydra
 17163 | D:12     | Mangled by a shadow

Illustrated notes

Levels and vault maps discovered:
D:1:      wander_arrival_peaceful_grave, layout_loops_corners, serial_shops,
          nicolae_shop_hallway_stairs, nicolae_shop_trees,
          nicolae_shop_temple_entry_statues_fountains,
          dreamdust_ecumenical_altar_drowned_temple, supply_closet_lemuel
D:2:      layout_loops_ring, uniq_jessica
D:3:      minmay_diamond_boxcup, layout_loops_ring,
          mainiacjoe_overflow_alcove_1, serial_shops, shop,
          uniq_crazy_yiuf_cottage, uniq_natasha
D:4:      layout_loops_corners, nicolae_sif_muna_little_library,
          makhleb_blood_cavern_becter, minmay_temple_entry_gardened_gates,
          uniq_grinder, uniq_sigmund
D:5:      layout_cave_pools, gammafunk_ghost_gnarly_gnolls, minivault_11,
          pf_guarded_unrand_delatra
D:6:      layout_basic, minmay_splitting_lines
D:7:      layout_loops_cross, mainiacjoe_overflow_boulevard,
          mainiacjoe_overflow_alcove_2, overflow_temple_1_default,
          item_on_display_a
D:8:      layout_basic, tgw_kikubaaqudgha, enter_ossuary_3,
          nicolae_shop_clearance
D:9:      minmay_cut_squares, layout_irregular_city, grunt_dithmenos_smoke,
          nicolae_hepliaklqana_hippocampus, grunt_ministairs_3
D:10:     layout_rooms, mainiacjoe_overflow_big_doors,
          mainiacjoe_overflow_tiny_flanked, lair_entry_dummy, special_room
          [special_room_orc]
D:11:     gammafunk_boulding_lane, layout_irregular_city, orc_david_3,
          uniq_nergalle
D:12:     cheibrodos_fzero, layout_rooms, serial_glass, glass_columns_a,
          glass_columns_c, glass_columns_c, glass_columns_b, glass_columns_b,
          glass_columns_a, glass_columns_b, glass_columns_a
Temple:   dpeg_chambers_temple
Lair:1:   gammafunk_indiana_jones, layout_loops_ring, basic_altar,
          serial_bayou_ford_a, lemuel_fruit_tree
Lair:2:   nzn_winding_woodlands_small [nzn_winding_woodlands_5x15_garden,
          nzn_winding_woodlands_center_triple_pond,
          nzn_winding_woodlands_5x15_river_crossing], layout_hall_layers,
          nicolae_spider_entry_non_spiders, special_room [special_room_bee],
          beast_lair_carwin_7

Skill      XL: |  1  2  3  4  5  6  7  8  9 10 11 12 |
---------------+-------------------------------------+-----
Throwing       | 2 |  2.5
Dodging        | 1 2 4 5 |  5.7
Stealth        | 4 5 6 7 |  7.5
Short Blades   | 2 3 4 |  4.6
Poison Magic   | 1 2 4 6 7 |  7.4
Unarmed Combat | 1 2 3 4 5 7 8 |  8.1
Transmutations | 1 2 3 4 |  4.8
Spellcasting   | 1 2 3 4 5 6 |  6.6
Fighting       | 3 4 5 6 |  6.5
Invocations    | 1 3 4 5 6 8 |  8.6
Air Magic      | 2 3 4 |  4.8
Armour         | 2 |  2.3
Hexes          | 2 |  2.3
Evocations     | |  0.3

Action                   |  1- 3 |  4- 6 |  7- 9 | 10-12 || total
-------------------------+-------+-------+-------+-------++-------
Melee: Dagger            |    82 |    77 |   262 |   111 ||   532
       Headbutt          |     8 |     8 |    63 |    71 ||   150
       Punch             |     3 |     1 |     8 |    14 ||    26
       Touch             |       |     7 |    56 |    67 ||   130
       Unarmed           |       |     1 |    37 |   259 ||   297
       Tailslap          |       |       |    48 |    61 ||   109
Throw: Dart              |     6 |    15 |       |       ||    21
       Boomerang         |       |       |       |     3 ||     3
 Cast: Sting             |       |       |    34 |     5 ||    39
       Poisonous Vapours |       |       |    21 |    11 ||    32
       Spider Form       |       |       |     4 |    11 ||    15
       Olgreb's Toxic Ra |       |       |     1 |    30 ||    31
Invok: Slouch            |       |       |       |     2 ||     2
Evoke: Wand              |       |     1 |     4 |     1 ||     6
  Use: Potion            |     3 |       |     1 |     5 ||     9
       Scroll            |       |       |       |    16 ||    16
 Stab: Sleeping          |     4 |    10 |    29 |     4 ||    47
       Distracted        |       |     2 |       |       ||     2
       Paralysed         |       |     1 |     2 |       ||     3
Armor: Robe              |    20 |    21 |    44 |       ||    85
       Steam dragon scal |       |       |    38 |    70 ||   108
       Skin              |       |       |       |     3 ||     3
       Chain mail        |       |       |       |    31 ||    31
Dodge: Dodged            |    47 |    41 |   170 |   371 ||   629
